 Dungeon Crawl Stone Soup version 0.27.1 (webtiles) character file.

Game seed: 16199506399354005479

711 ZARRMARR the Thaumaturge (level 7, -1/36 HPs)
             Began as a Deep Elf Ice Elementalist on Aug 29, 2021.
             Slain by a phantom (2 damage)
             ... on level 5 of the Dungeon.
             The game lasted 00:23:20 (4588 turns).

ZARRMARR the Thaumaturge (DEIE)                     Turns: 4588, Time: 00:23:20

Health: -1/36      AC:  3    Str:  3 (5)  XL:     7   Next: 40%
Magic:  20/20      EV: 17    Int: 22      God:
Gold:   170        SH:  0    Dex: 14 (15) Spells: 15/22 levels left

rFire    . . .     SeeInvis .   f - +1 flail (drain)
rCold    . . .     Faith    .   (no shield)
rNeg     . . .     Spirit   .   a - +1 robe
rPois    .         Reflect  .   (no helmet)
rElec    .         Harm     .   (no cloak)
rCorr    .         Rampage  .   (no gloves)
Will     .....                  (no boots)
Stlth    ++........             (no amulet)
HPRegen  0.12/turn              e - +4 ring of evasion
MPRegen  0.17/turn              (no ring)

@: attractive
A: no striking features
a: no special abilities


You were on level 5 of the Dungeon.
You visited 2 branches of the dungeon, and saw 6 of its levels.

You collected 170 gold pieces.

Inventory:

Hand Weapons
 f - a +1 flail of draining (weapon)
Armour
 a - a +1 robe (worn)
Jewellery
 c - a ring of fire
 e - a +4 ring of evasion (left hand)
Scrolls
 b - a scroll of immolation
 k - a scroll of brand weapon
Potions
 g - a potion of brilliance


   Skills:
 + Level 3.1 Dodging
 + Level 3.3 Stealth
 + Level 8.3 Spellcasting
 * Level 2.3 Conjurations
 - Level 6.5 Ice Magic


You had 15 spell levels left.
You knew the following spells:

 Your Spells              Type           Power      Damage    Failure   Level
a - Freeze                Ice            100%       1d11      1%          1
b - Frozen Ramparts       Ice            76%        1d9       1%          3
c - Ozocubu's Armour      Ice            38%        N/A       1%          3

Your spell library contained the following spells:

 Spells                   Type           Power      Damage    Failure   Level
 Magic Dart               Conj           76%        1d6       2%          1
 Call Imp                 Summ           9%         N/A       11%         2
 Hailstorm                Conj/Ice       28%        3d8       12%         4
 Mephitic Cloud           Conj/Pois/Air  12%        N/A       16%         3


Dungeon Overview and Level Annotations

Branches:
Dungeon (5/15)             Temple (1/1) D:4

Altars:
Dithmenos
Elyvilon
Fedhas
Gozag
Makhleb
Nemelex Xobeh
Okawaru
Qazlal
Uskayaw
Vehumet
Xom
Yredelemnul
Zin
The Shining One

Annotations:
D:2 Sigmund
D:5 Menkaure, Pikel


Message History

The bullfrog completely misses you. The bullfrog hits you.
* * * LOW HITPOINT WARNING * * *
You hit the bullfrog. You drain the bullfrog.
The bullfrog is severely wounded.
The bullfrog barely misses you. The bullfrog misses you.
You barely miss the bullfrog.
The bullfrog is severely wounded.
The bullfrog barely misses you. The bullfrog closely misses you.
You closely miss the bullfrog.
The bullfrog is severely wounded.
The bullfrog misses you. The bullfrog completely misses you.
You closely miss the bullfrog.
The bullfrog is severely wounded.
The bullfrog misses you. The bullfrog hits you.
* * * LOW HITPOINT WARNING * * *
You barely miss the bullfrog.
The bullfrog is severely wounded.
The bullfrog barely misses you. The bullfrog misses you.
You barely miss the bullfrog.
The bullfrog is severely wounded.
The bullfrog hits you.
* * * LOW HITPOINT WARNING * * *
The bullfrog barely misses you. The bullfrog completely misses you.
You hit the bullfrog.
The bullfrog is almost dead.
The bullfrog closely misses you. The bullfrog misses you.
You miss the bullfrog.
The bullfrog is almost dead.
The bullfrog closely misses you. x2
You closely miss the bullfrog.
The bullfrog is almost dead.
The bullfrog misses you. The bullfrog hits you.
* * * LOW HITPOINT WARNING * * *
You hit the bullfrog.
You kill the bullfrog!
You feel your intelligence returning.
You miss the phantom. The phantom misses you. x2
You completely miss the phantom. The phantom hits you.
You die...

#.######
#.#######
#.#....# #.#
#......# #.#
##.....###.#
#.........#
##.$......#
#§#......#
#..#####W#
##.# #@#
#.#####.###
.##.§....#
..#......#
#.#...?..#
.####.###
#.# #.# #.#


You could see a phantom.

Vanquished Creatures
  Edmund (D:5)
  2 ogres (D:4)
  2 lemures (D:5)
  A bullfrog (D:5)
  A scorpion (D:5)
  An orc priest (D:4)
  A hound (D:4)
  2 jellies (D:4)
  An iguana (D:4)
  2 orc wizards (D:4)
  A scorpion zombie (D:5)
  4 adders
  A worm (D:3)
  3 dart slugs
  6 orcs
  7 ball pythons
  An endoplasm (D:1)
  A giant cockroach (D:1)
  8 goblins
  6 hobgoblins
  3 jackals (D:1)
  3 kobolds (D:1)
  3 quokkas
  2 bats
  A frilled lizard (D:1)
  2 rats (D:1)
66 creatures vanquished.

Notes
Turn   | Place    | Note
-------+----------+-------------------------------------------
     0 | D:1      | ZARRMARR the Deep Elf Ice Elementalist began the quest for
                  | the Orb.
     0 | D:1      | Reached XP level 1. HP: 10/10 MP: 6/6
   223 | D:1      | Reached XP level 2. HP: 14/15 MP: 4/8
   543 | D:1      | Reached skill level 5 in Ice Magic
  1145 | D:2      | Reached XP level 3. HP: 8/19 MP: 6/10
  1543 | D:2      | Found a faded altar of an unknown god.
  1545 | D:2      | Noticed Sigmund
  1795 | D:3      | Reached skill level 4 in Spellcasting
  2758 | D:4      | Reached XP level 4. HP: 10/24 MP: 8/12
  2934 | D:4      | Learned a level 3 spell: Frozen Ramparts
  3083 | D:4      | Reached skill level 5 in Spellcasting
  3083 | D:4      | Reached XP level 5. HP: 28/28 MP: 8/14
  3362 | D:4      | Noticed an ogre
  3572 | D:4      | Killed an ogre
  3573 | D:4      | Reached skill level 6 in Spellcasting
  3573 | D:4      | Reached XP level 6. HP: 32/32 MP: 9/17
  3577 | D:4      | Learned a level 3 spell: Ozocubu's Armour
  3787 | D:4      | Reached skill level 1 in Conjurations
  3869 | D:4      | Reached skill level 7 in Spellcasting
  3936 | D:4      | Found a staircase to the Ecumenical Temple.
  3944 | Temple   | Entered the Ecumenical Temple
  4073 | D:5      | Entered Level 5 of the Dungeon
  4078 | D:5      | Noticed Pikel
  4120 | D:5      | Noticed Edmund
  4244 | D:5      | Noticed Menkaure
  4266 | D:5      | Reached XP level 7. HP: 30/36 MP: 13/19
  4529 | D:5      | Killed Edmund
  4530 | D:5      | Reached skill level 8 in Spellcasting
  4585 | D:5      | HP: 1/36 [bullfrog (2)]
  4588 | D:5      | Slain by a phantom

Illustrated notes

Levels and vault maps discovered:
D:1:      dpeg_arrival_ternary, layout_loops_corners
D:2:      layout_basic, hellmonk_ecumenical_altar_arch_garden,
          minmay_joined_circles, uniq_natasha, uniq_sigmund,
          uniq_crazy_yiuf_cottage
D:3:      layout_basic, serial_forest, infiniplex_forest_lined_1,
          infiniplex_forest_clump_tiny, infiniplex_forest_corner_2,
          infiniplex_forest_lined_2, infiniplex_forest_straight_2,
          infiniplex_forest_straight_2
D:4:      layout_basic, minmay_temple_entry_butterflies,
          chequers_serial_rivers_micro_d, minmay_liquid_box
D:5:      layout_basic, uniq_edmund, uniq_blork_the_orc, uniq_menkaure,
          uniq_pikel
Temple:   eino_temple_lava

Skill      XL: |  1  2  3  4  5  6  7 |
---------------+----------------------+-----
Ice Magic      | 5 6 |  6.5
Spellcasting   | 4 5 6 7 8 |  8.3
Stealth        | 3 |  3.3
Conjurations   | 1 2 |  2.3
Dodging        | 3 |  3.1

Action                   |  1- 3 |  4- 6 |  7- 9 || total
-------------------------+-------+-------+-------++-------
Melee: Flail             |       |       |    22 ||    22
       Unarmed           |       |       |     6 ||     6
 Cast: Freeze            |    63 |    32 |     6 ||   101
       Frozen Ramparts   |       |    14 |     2 ||    16
       Ozocubu's Armour  |       |     1 |     1 ||     2
  Use: Scroll            |     3 |     6 |       ||     9
       Potion            |       |     1 |     5 ||     6
 Stab: Sleeping          |       |       |     1 ||     1
Armor: Robe              |     3 |     2 |     3 ||     8
Dodge: Dodged            |    17 |    14 |    34 ||    65
